 Dungeon Crawl Stone Soup version 0.32-a0-886-g41c5271027 (webtiles) character file.

Game seed: 5683387599725020431

511 cj66 the Ruffian (level 6, -2/88 (91) HPs)
             Began as a Troll Berserker on Apr 2, 2024.
             Was a Priest of Trog.
             Slain by a wight
             ... wielding a +0 falchion
              (6 damage)
             ... on level 4 of the Dungeon.
             The game lasted 00:17:36 (2430 turns).

cj66 the Ruffian (Troll Berserker)                  Turns: 2430, Time: 00:17:37

HP:   -2/88 (91)    AC:  4    Str: 32    XL:     6   Next: 99%
MP:   5/5           EV:  9    Int:  3    God:    Trog [***...]
Gold: 236           SH:  0    Dex:  9    Spells: 5/5 levels left

rFire   + . .        l - +6 spear "Kahewkun" {flame, *Noise rF+ Str+4 SInv}
rCold   . . .        (no shield)
rNeg    . . .        a - +0 animal skin
rPois   .            (helmet restricted)
rElec   .            (no cloak)
rCorr   .            (gloves unavailable)
SInv    +            (boots unavailable)
Will    .....        (no amulet) Stlth
                     q - ring of see invisible
HPRegen 1.14/turn    (no ring)
MPRegen 0.09/turn

%: no passive effects
@: berserking, lightly drained, very quick
A: large, unfitting armour, claws 3, regeneration 1, shaggy fur 1, tough skin 1,
hooves 1, horns 1
a: Renounce Religion, Berserk, Trog's Hand


You were on level 4 of the Dungeon.
You worshipped Trog.
Trog was most pleased with you.
You visited 1 branch of the dungeon, and saw 4 of its levels.

You collected 236 gold pieces.

Inventory:

Hand Weapons
 l - the +6 spear "Kahewkun" (weapon) {flame, *Noise rF+ Str+4 SInv}
   (You found it on level 3 of the Dungeon)

   Str+4:     It affects your strength (+4).
   rF+:       It protects you from fire.
   SInv:      It lets you see invisible.
   *Noise:    It may make a loud noise when swung.
Armour
 a - a +0 animal skin (worn)
 b - a +0 helmet
 g - a +0 chain mail
Magical Staves
 h - a staff of alchemy
Jewellery
 e - a ring of magical power
 q - a ring of see invisible (left claw)
Wands
 m - a wand of flame (18)
Scrolls
 d - 2 scrolls of vulnerability
 i - a scroll of fog
 k - a scroll of immolation
Potions
 c - 3 potions of lignification
 j - 2 potions of curing
 n - a potion of might {unknown}
 p - a potion of enlightenment


   Skills:
 + Level 3.3 Fighting
 * Level 1.4 Polearms
 + Level 4.0 Dodging
 + Level 1.1 Stealth
 - Level 5.4 Unarmed Combat


You had 5 spell levels left.
You didn't know any spells.
Your spell library contained the following spells:

 Spells                   Type           Power      Damage    Failure   Level
 Cigotuvi's Dreadful Rot  Necr/Alch/Air  0%         N/A       67%         2
 Dispel Undead            Necr           0%         3d6       99%         4
 Martyr's Knell           Necr/Summ      0%         N/A       99%         4


Dungeon Overview and Level Annotations

Branches:
Dungeon (4/15)
 Temple: D:4-7

Altars:
Cheibriados
Dithmenos


Innate Abilities, Weirdness & Mutations

You are too large for most types of armour.
You have claws for hands.
Your natural rate of healing is unusually fast.
You are covered in fur. (AC +1)
You have tough skin. (AC +1)
You have large cloven feet.
You have a pair of small horns on your head.


Message History

You headbutt the wight, but do no damage.
The wight is heavily damaged.
The wight hits you with a +0 short sword.
You completely miss the wight.
The wight is heavily damaged.
The wight hits you with a +0 short sword.
You feel drained.
You puncture the wight! You burn the wight.
You destroy the wight!
Trog accepts your kill. The endoplasm barely misses you.
Your life force feels restored.
Your Dodging skill increases to level 4!
You hit the wight. You burn the wight.
The wight is moderately damaged.
The wight closely misses you. The endoplasm freezes you.
You are frozen.
The wight hits you with a +0 falchion.
You feel drained. The gnoll hits you with a +0 club.
You barely miss the wight.
The wight is moderately damaged.
The wight hits you from afar with a +0 trident!
The endoplasm hits you. The wight closely misses you.
The gnoll hits you with a +0 club. The wight hits you with a +0 falchion.
* * * LOW HITPOINT WARNING * * *
The wight hits you from afar with a +0 trident.
* * * LOW HITPOINT WARNING * * *
You feel drained.
* * * LOW HITPOINT WARNING * * *
The endoplasm hits you.
* * * LOW HITPOINT WARNING * * *
A red film seems to cover your vision as you go berserk!
You feel yourself moving faster!
You feel mighty! The gnoll hits you with a +0 club.
* * * LOW HITPOINT WARNING * * *
The wight hits you from afar with a +0 trident!
* * * LOW HITPOINT WARNING * * *
The endoplasm hits you but does no damage.
The wight hits you with a +0 falchion.
You die...

........#.# .........#
#...#
+#....###.#######........
. #...#
#)...#.........#..........
##### #....'.........#...#
... #....#............#
... #....#...###..##..##
..# #....##+##
##.###..#..# #....#
....+z.##.....##. ......#
......z@J......... ......#
.....##.g.......## ......#
....# ##..._...## . .
.........# ............
..##.....##.. ..# #..#..#
#. #.. ..###..# .. .# ...


You could see 2 wights, a gnoll and an endoplasm.

Vanquished Creatures
  Sigmund (D:3)
  An ice beast (D:3)
  A phantom (D:3)
  A wight (D:4)
  Ijyb (D:3)
  3 adders
  A ribbon worm (D:3)
  5 dart slugs
  An orc (D:3)
  8 ball pythons
  8 endoplasms
  3 giant cockroaches
  7 goblins
  7 hobgoblins
  4 kobolds
  5 quokkas (D:3)
  7 bats (D:1)
  3 frilled lizards
  10 rats
77 creatures vanquished.

Notes
Turn   | Place    | Note
-------+----------+-------------------------------------------
     0 | D:1      | cj66 the Troll Berserker began the quest for the Orb.
     0 | D:1      | Reached XP level 1. HP: 22/22 MP: 0/0
    78 | D:1      | Found a faded altar of an unknown god.
   123 | D:1      | Reached XP level 2. HP: 29/29 MP: 1/1
   653 | D:1      | Reached XP level 3. HP: 33/36 MP: 2/2
   681 | D:1      | Reached ** piety under Trog
  1106 | D:2      | Gained mutation: You have a pair of small horns on your
                  | head. [potion of mutation]
  1106 | D:2      | Gained mutation: You have large cloven feet. [potion of
                  | mutation]
  1503 | D:2      | Reached skill level 4 in Unarmed Combat
  1503 | D:2      | Reached XP level 4. HP: 37/44 MP: 3/3
  1640 | D:3      | Noticed Sigmund
  1654 | D:3      | Killed Sigmund
  1655 | D:3      | Reached skill level 5 in Unarmed Combat
  1655 | D:3      | Reached XP level 5. HP: 13/52 MP: 4/4
  1748 | D:3      | Noticed a phantom
  1768 | D:3      | Killed a phantom
  1769 | D:3      | Reached XP level 6. HP: 56/61 MP: 5/5
  1804 | D:3      | Identified the +6 spear "Kahewkun" {flame, *Noise rF+ Str+4
                  | SInv}
  1915 | D:3      | Noticed an ice beast
  1925 | D:3      | Killed an ice beast
  1926 | D:3      | Reached skill level 1 in Stealth
  1985 | D:3      | Reached skill level 1 in Polearms
  2018 | D:3      | Noticed Ijyb
  2028 | D:3      | Killed Ijyb
  2059 | D:3      | Reached *** piety under Trog
  2161 | D:3      | Found a snail-covered altar of Cheibriados.
  2414 | D:4      | Found a shadowy altar of Dithmenos.
  2430 | D:4      | HP: 4/88 [wight/+0 trident (7)]
  2430 | D:4      | Slain by a wight

Illustrated notes

Levels and vault maps discovered:
D:1:      dpeg_arrival_windows_large_door, layout_basic, basic_ecumenical_altar,
          hex_intersection, kennysheep_boxes
D:2:      layout_rooms
D:3:      layout_basic, cheibrodos_worm_habitat, chequers_serial_rivers_small_a,
          bh_walls_and_bars, uniq_sigmund, uniq_ijyb
D:4:      layout_gridville, nicolae_dithmenos_shadow_blocks

Skill      XL: |  1  2  3  4  5  6 |
---------------+-------------------+-----
Dodging        | 3 4 |  4.0
Unarmed Combat | 4 5 |  5.4
Fighting       | 3 |  3.3
Stealth        | 1 |  1.1
Polearms       | 1 |  1.4

Action                     |  1- 3 |  4- 6 || total
---------------------------+-------+-------++-------
  Melee: Unarmed           |    99 |    34 ||   133
         Punch             |     6 |       ||     6
         Kick              |     3 |    17 ||    20
         Headbutt          |     1 |    13 ||    14
         Spear             |       |    46 ||    46
 Invoke: Berserk           |     1 |     1 ||     2
    Use: Scroll            |     2 |     4 ||     6
         Potion            |     5 |     1 ||     6
   Stab: Sleeping          |     1 |       ||     1
 Armour: Animal skin       |    77 |    57 ||   134
  Dodge: Dodged            |    51 |    42 ||    93

Table legend: (Time is in decaauts)
 A = Elapsed time spent in this place.
 B = Non-inter-level travel time spent in this place.
 C = Inter-level travel time spent in this place.
 D = Time resting spent in this place.
 E = Time spent auto-exploring this place.
 F = Levels seen in this place.
 G = Mean time per level.
                   A        B        C        D        E       F      G
               +--------+--------+--------+--------+--------+-----+--------+
         Total |   2432 |    617 |   1815 |      0 |      2 |   4 |  608.0 |
       Dungeon |   2432 |    617 |   1815 |      0 |      2 |   4 |  608.0 |
               +--------+--------+--------+--------+--------+-----+--------+

Top non-repeatable levels by time:
     D:1: 994 daAuts
     D:2: 640 daAuts
     D:3: 631 daAuts
     D:4: 164 daAuts
